 Dungeon Crawl Stone Soup version 0.24.1-14-gf8d2b509d9 (webtiles) character file.

Game seed: 10244493724076963179, levelgen mode: deterministic

46 Chiseanne the Skirmisher (level 3, -2/35 HPs)
             Began as a Gnoll Wanderer on May 25, 2020.
             Slain by Sigmund
             ... wielding a +0 scythe
              (12 damage)
             ... on level 2 of the Dungeon.
             The game lasted 00:02:29 (790 turns).

Chiseanne the Skirmisher (Gnoll Wanderer)            Turns: 790, Time: 00:02:30

Health: -2/35      AC:  5    Str: 19    XL:     3   Next: 68%
Magic:  7/7        EV: 11    Int: 11    God:
Gold:   64         SH:  0    Dex: 13    Spells: 6/7 levels left

rFire    . . .     SeeInvis .   a - +2 dagger
rCold    . . .     Gourm    .   (no shield)
rNeg     . . .     Faith    .   p - +0 ring mail
rPois    .         Spirit   .   (no helmet)
rElec    .         Reflect  .   (no cloak)
rCorr    .         Harm     .   (no gloves)
MR       .....                  (no boots)
Stlth    +.........             (no amulet)
HPRegen  0.11/turn              (no ring)
MPRegen  0.10/turn              (no ring)

@: slowed, very slow
A: distributed training, fangs 1, strong nose
a: no special abilities


You were on level 2 of the Dungeon.
You were not hungry.

You visited 1 branch of the dungeon, and saw 2 of its levels.

You collected 64 gold pieces.

Inventory:

Hand Weapons
 a - a +2 dagger (weapon)
 h - a cursed -3 dagger
Missiles
 b - 5 curare-tipped darts (quivered)
 i - 2 throwing nets
Armour
 p - a +0 ring mail (worn)
Jewellery
 j - an uncursed ring of protection from cold {unknown}
Scrolls
 c - a scroll of noise {unknown}
 d - 4 scrolls of teleportation
 e - a scroll of identify {unknown}
 k - a scroll of enchant armour {unknown}
 m - a scroll of blinking {unknown}
 q - 2 scrolls of amnesia {unknown}
Potions
 g - a potion of resistance {unknown}
 l - a potion of brilliance {unknown}
 n - a potion of curing {unknown}
 r - a potion of lignification {unknown}
Comestibles
 f - 3 rations


   Skills:
 + Level 6.5 Fighting
 + Level 0.9 Short Blades
 + Level 0.9 Long Blades
 + Level 0.9 Axes
 + Level 0.9 Maces & Flails
 + Level 0.9 Polearms
 + Level 0.9 Staves
 + Level 0.9 Slings
 + Level 0.9 Bows
 + Level 0.9 Crossbows
 + Level 2.6 Throwing
 + Level 0.9 Armour
 + Level 0.9 Dodging
 + Level 2.4 Stealth
 + Level 0.9 Shields
 + Level 2.6 Unarmed Combat
 + Level 2.8 Spellcasting
 + Level 0.6 Conjurations
 + Level 0.6 Hexes
 + Level 0.6 Charms
 + Level 0.6 Summonings
 + Level 0.6 Necromancy
 + Level 0.6 Translocations
 + Level 0.6 Transmutations
 + Level 3.8 Fire Magic
 + Level 0.6 Ice Magic
 + Level 0.6 Air Magic
 + Level 0.6 Earth Magic
 + Level 0.6 Poison Magic
 + Level 1.0 Invocations
 + Level 2.6 Evocations


You had 6 spell levels left.
You knew the following spells:

 Your Spells              Type           Power        Failure   Level  Hunger
a - Infusion              Chrm           #...         34%         1    #......

Your spell library contained the following spells:

 Spells                   Type           Power        Failure   Level  Hunger
 Spectral Weapon          Hex/Chrm       #.......     71%         3    ###....


Dungeon Overview and Level Annotations

Branches:
Dungeon (2/15)

Altars:

Annotations:
D:2 Natasha, Sigmund


Innate Abilities, Weirdness & Mutations

Your experience applies equally to all skills.
You have very sharp teeth.
Your uncanny sense of smell can sniff out nearby items.


Message History

The iron imp hits you but does no damage.
Something claws you but does no damage.
Your ring mail prevents you from hitting the iron imp.
You bite the iron imp, but do no damage.
The iron imp is lightly wounded.
The bat hits you but does no damage. Sigmund barely misses you.
The iron imp closely misses you.
You hear some strange, mumbled words.
You hit the iron imp but do no damage.
The iron imp is lightly wounded.
The bat hits you.
Sigmund casts a spell.
Sigmund flickers and vanishes!
You hear a splashing noise.
The iron imp hits you!
* * * LOW HITPOINT WARNING * * *
The crimson imp blinks!
The crimson imp hits you but does no damage.
Something hits you!
You die...

≈≈≈≈≈.≈ ∆ ≈.≈≈≈≈≈≈≈≈≈≈.
####..≈≈≈._≈≈≈≈≈. .
g....≈≈≈≈≈..≈≈≈.≈### ..
.....≈≈≈≈≈≈≈≈≈..... ...
###.≈§≈≈≈≈≈≈≈≈≈....# ....
#.#{.≈≈≈≈≈≈≈≈≈≈≈.... .....
#.#5{≈≈≈.....≈≈....#
...h..#<.@≈≈..≈...≈..≈...#
......)...5..5...###.....#
.#..#.....b..#.#.........#
# ########.#.#..##.....#
.....#..##..#+##
##.###..##..#.##
.................
.##.#.....##.#)#.
#.#......#.#.##


You could see an iron imp, 2 crimson imps and a bat.

Vanquished Creatures
  A dart slug (D:2)
  A leopard gecko (D:1)
  A ball python (D:1)
  A giant cockroach (D:2)
  5 hobgoblins
  5 jackals (D:1)
  7 kobolds
  2 bats
  4 frilled lizards
  7 goblins
  4 rats
38 creatures vanquished.

Notes
Turn   | Place    | Note
-------+----------+-------------------------------------------
     0 | D:1      | Chiseanne the Gnoll Wanderer began the quest for the Orb.
     0 | D:1      | Chiseanne set off with the following items: a +2 dagger, a
                  | curare-tipped dart, a scroll of teleportation, a +0 robe, a
                  | ration; and the following spell memorised: Infusion; and
                  | the following spells available to memorise: Spectral Weapon
     0 | D:1      | Reached XP level 1. HP: 23/23 MP: 4/4
   105 | D:1      | Reached XP level 2. HP: 29/29 MP: 5/5
   390 | D:1      | Reached XP level 3. HP: 31/35 MP: 7/7
   567 | D:2      | Found a faded altar of an unknown god.
   703 | D:2      | Noticed Natasha
   712 | D:1      | Reached skill level 1 in Invocations
   778 | D:2      | Noticed Sigmund
   790 | D:2      | Slain by Sigmund

Levels and vault maps discovered:
D:1:      lemuel_arrival_lava_pool, layout_basic, minmay_heptomino_l4
D:2:      layout_basic, nicolae_overflow_crystal_walls,
          chequers_temple_overflow_minitemple, amethyst_overflow_temple_binary,
          chequers_ecumenical_altar_island, uniq_sigmund, uniq_natasha

Skill      XL: |  1  2  3 |
---------------+----------+-----
Invocations    | 1 |  1.0
Fighting       | |  6.5
Short Blades   | |  0.9
Long Blades    | |  0.9
Axes           | |  0.9
Maces & Flails | |  0.9
Polearms       | |  0.9
Staves         | |  0.9
Slings         | |  0.9
Bows           | |  0.9
Crossbows      | |  0.9
Throwing       | |  2.6
Armour         | |  0.9
Dodging        | |  0.9
Stealth        | |  2.4
Shields        | |  0.9
Unarmed Combat | |  2.6
Spellcasting   | |  2.8
Conjurations   | |  0.6
Hexes          | |  0.6
Charms         | |  0.6
Summonings     | |  0.6
Necromancy     | |  0.6
Translocations | |  0.6
Transmutations | |  0.6
Fire Magic     | |  3.8
Ice Magic      | |  0.6
Air Magic      | |  0.6
Earth Magic    | |  0.6
Poison Magic   | |  0.6
Evocations     | |  2.6

Action                   || total
-------------------------++-------
Melee: Dagger            ||   104
       Bite              ||     8
       Punch             ||     2
 Stab: Sleeping          ||     1
Armor: Robe              ||     9
       Ring mail         ||    19
Dodge: Dodged            ||    89
